 Dungeon Crawl Stone Soup version 5.2-56-g927a965 (webtiles) character file.

254 Faca the Warrior (level 15, -2/104 HPs) *CASUAL*
             Began as a Gargoyle Fighter on Feb 7, 2018.
             Was a High Priest of Okawaru.
             Slain by an enormous slime creature (58 damage)
             ... on level 12 of the Dungeon.
             The game lasted 00:32:08 (13686 turns).

Faca the Warrior (Gargoyle Fighter)                Turns: 13686, Time: 00:32:08

Health: -2/104     AC: 35 (50%)Str: 28  XL:     15   Next: 35%
Magic:  20/20      EV: 12    Int:  9    God:    Okawaru [5*[157]]
Gold:   964        SH: 16    Dex: 25    Spells: 14/14 levels left

rFire    . . .     SeeInvis .   K - +2 morningstar
rCold    . . .     Faith    .   c - +0 shield
rNeg     + . .     Spirit   .   e - +0 plate armour
rPois    ∞         Reflect  .   k - +0 helmet
rElec    +                      a - +1 cloak {rPois}
rCorr    .                      (no gloves)
MR       +....                  L - +0 pair of boots
Stlth    ..........             (no amulet)
Regen    0.3/turn               Q - ring of Shadows {Umbra Dex+13}
MPRegen  0.3/turn               N - +5 ring of strength

@: wreathed by umbra
A: big wings, negative energy resistance 1, electricity resistance, unbreathing,
petrification resistance, rot immunity, AC +11
a: Fly, Finesse, Renounce Religion


You were on level 12 of the Dungeon.
You worshipped Okawaru.
Okawaru was extremely pleased with you.
You were not hungry.

You visited 1 branch of the dungeon, and saw 12 of its levels.
You also visited: Sewer and Ossuary.

You collected 964 gold pieces.

Inventory:

Hand Weapons
 y - the +1 rapier of Biat {flame, Dex+6 SInv}
   (You found it on level 4 of the Dungeon)

   It has been specially enchanted to burn those struck by it, causing extra
   injury to most foes and up to half again as much damage against particularly
   susceptible opponents.
   It affects your dexterity (+6).
   It lets you see invisible.
 D - a +1 whip of flaming
 K - a +2 morningstar (weapon)
 P - a +2 flail of crushing
Missiles
 b - 404 stones
 j - 11 frenzy darts
 l - 270 arrows
 m - 164 tomahawks
 t - 339 poisoned darts (quivered)
 I - 60 javelins
 S - 109 bolts
Armour
 a - a +1 cloak of poison resistance (worn)
 c - a +0 shield (worn)
 e - a +0 plate armour (worn)
 k - a +0 helmet (worn)
 J - a +0 large shield
 L - a +0 pair of boots (worn)
Jewellery
 g - an uncursed ring of see invisible
 N - a +5 ring of strength (right hand)
 Q - the ring of Shadows (left hand) {Umbra Dex+13}
   (You found it on level 12 of the Dungeon)

   [ring of evasion]

   It affects your dexterity (+13).
Wands
 h - a wand of confusion (14)
 v - a wand of iceblast (10)
 G - a wand of flame (22)
 M - a wand of paralysis (3)
 R - a wand of digging (4)
Scrolls
 n - 3 scrolls of fear
 p - a scroll of teleportation
 r - 4 scrolls of fog
 u - 3 scrolls of enchant armour
 w - 2 scrolls of enchant weapon
 x - 4 scrolls of blinking
 E - 5 scrolls of magic mapping
 F - a scroll of silence
 O - a scroll of summoning
Potions
 d - 4 potions of augmentation
 f - 4 potions of heal wounds
 i - 13 potions of curing
 o - 2 potions of magic
 q - 8 potions of mutation
 s - 2 potions of cancellation
 z - 2 potions of berserk rage
 A - 2 potions of ambrosia
 B - 2 potions of flight
 C - 6 potions of lignification
 H - 3 potions of haste


   Skills:
 + Level 16.1(20.1) Fighting
 + Level 13.6(17.6) Maces & Staves
 + Level 13.6(17.6) Armour
 - Level 12.0(16.0) Shields
 + Level 7.0 Invocations


You had 14 spell levels left.
You didn't know any spells.

Dungeon Overview and Level Annotations

Branches:
Dungeon (12/15)

Altars:
Cheibriados
Dithmenos
Elyvilon
Gozag
Hepliaklqana
Jiyva
Kikubaaqudgha
Makhleb
Nemelex Xobeh
Okawaru
Qazlal
Ru
Sif Muna
Trog
Uskayaw
Vehumet
Wu Jian
Xom
Yredelemnul
Zin
The Shining One

Shops:
D:11 (


Innate Abilities, Weirdness & Mutations

You are resistant to torment.
Your stone body is resilient. (AC +11)
You are immune to poison.
Your large and strong wings let you fly indefinitely.
You resist negative energy. (rN+)
You are resistant to electric shocks. (rElec)
You can survive without breathing.
You are immune to petrification.
You are immune to rotting.


Message History

The very large slime creature is almost dead.
The very large slime creature closely misses you.
Two slime creatures merge to form an enormous slime creature.
You impale the enormous slime creature (24)!!
The enormous slime creature is severely wounded.
You hit the enormous slime creature (6).
The enormous slime creature is severely wounded.
You hit the enormous slime creature (4).
The enormous slime creature is severely wounded.
The enormous slime creature hits you (23)!!
You impale the enormous slime creature (19)!!
The enormous slime creature is almost dead.
You block the enormous slime creature's attack.
You closely miss the enormous slime creature.
The enormous slime creature is almost dead.
You puncture the enormous slime creature (8)!
The enormous slime creature is almost dead.
The enormous slime creature hits you (58)!!!
Ouch! That really hurt!
You die...

#...P# ##...###.# ##......# ####
#....PP.# ...# .......... ... ...
##.#...... .. ..# ###.##P#. .##
..# # ##### ## ##J.# #.#
#####..##..## #@#######.#
##....#.#.P...##..#.#....#
.........................#
.........................##
.........#....##.#.####...#
.......#.##### ##### #..##### #
........## ### #..#.#.####
.......############P# ##.##....#.
........P..P..P#....###..........


You could see an enormous slime creature.

Vanquished Creatures
  Erica (D:8)
  4 two-headed ogres
  11 death yaks
  A queen ant (D:10)
  A death knight (D:12)
  An orc high priest (D:11)
  3 skeletal warriors (D:12)
  An unseen horror (D:12)
  2 ugly things (D:12)
  Pikel (D:7)
  A wolf spider zombie (D:12)
  2 cyclopes
  Joseph (D:10)
  A black mamba (D:12)
  Psyche (D:10)
  5 spiny frogs
  4 gargoyles
  5 trolls
  3 meliai (D:12)
  A slime creature (D:12)
  5 blink frogs (D:11)
  2 shadows
  8 yaks
  7 wyverns
  2 wraiths
  2 angry ghosts
  2 steam dragons (D:11)
  Menkaure (D:8)
  8 soldier ants (D:10)
  A warg (D:11)
  2 acid dragons
  Duvessa (D:7)
  Purgy (Sewer)
  A spiny frog skeleton (D:9)
  5 ice beasts
  4 orc warriors (D:11)
  A slave (D:7)
  4 black bears
  A wasp (D:12)
  2 phantoms (D:8)
  A blink frog zombie (D:12)
  14 centaurs
  3 ogres
  A rime drake zombie (D:11)
  A bullfrog (D:9)
  A gnoll sergeant (D:8)
  A wyvern zombie (D:12)
  Dowan (D:7)
  A wyvern skeleton (D:12)
  3 scorpions
  21 killer bees
  3 crimson imps
  16 wights
  2 bullfrog zombies
  3 hounds
  2 quasits
  4 centaur skeletons
  5 centaur zombies
  6 orc wizards
  A human zombie (Ossuary)
  3 jellies
  26 worker ants
  2 iguanas (D:6)
  2 big kobold zombies (Ossuary)
  3 mummies (Ossuary)
  A hound skeleton (D:5)
  11 adders
  8 gnolls
  2 shadow imps
  3 oozes
  A dart slug (D:1)
  19 orcs
  9 quokkas
  6 bats
  6 giant cockroaches
  9 hobgoblins
  8 jackals
  11 kobolds
  2 ball pythons (Sewer)
  6 frilled lizards
  7 goblins
  A kobold zombie (Ossuary)
  2 orc zombies (Ossuary)
  A quokka skeleton (D:4)
  11 rats
360 creatures vanquished.

Vanquished Creatures (others)
  A centaur (D:7)
  An orc wizard (D:7)
  4 orcs
  A bush (D:9)
  5 fungi (D:11)
  A plant (D:11)
13 creatures vanquished.

Grand Total: 373 creatures vanquished

Notes
Turn   | Place    | Note
-------+----------+-------------------------------------------
     0 | D:1      | Faca the Gargoyle Fighter began the quest for the Orb.
     0 | D:1      | Reached XP level 1. HP: 14/14 MP: 1/1
    39 | D:1      | Reached XP level 2. HP: 12/20 MP: 2/2
   305 | D:1      | Reached skill level 4 in Fighting
   324 | D:1      | Reached XP level 3. HP: 22/24 MP: 3/3
   565 | D:1      | Reached XP level 4. HP: 30/30 MP: 4/4
   850 | D:2      | Found a snail-covered altar of Cheibriados.
   850 | D:2      | Found a radiant altar of Vehumet.
   850 | D:2      | Found a burning altar of Makhleb.
   873 | D:2      | Found a shimmering altar of Xom.
   892 | D:2      | Reached skill level 5 in Fighting
   903 | D:2      | Found an ornate altar of the Wu Jian Council.
   908 | D:2      | Found a stormy altar of Qazlal.
   908 | D:2      | Found a hide-covered altar of Uskayaw.
   939 | D:2      | Reached XP level 5. HP: 32/35 MP: 5/5
  1107 | D:2      | Found a hazy altar of Hepliaklqana.
  1251 | D:2      | Found a faded altar of an unknown god.
  1442 | D:3      | Found an opulent altar of Gozag.
  1466 | D:3      | Found a sacrificial altar of Ru.
  1507 | D:3      | Reached skill level 6 in Fighting
  1507 | D:3      | Reached XP level 6. HP: 41/42 MP: 6/6
  1591 | D:3      | Found a white marble altar of Elyvilon.
  1849 | D:3      | Found a shadowy altar of Dithmenos.
  1926 | D:3      | Reached skill level 7 in Fighting
  1930 | D:3      | Found a glowing golden altar of the Shining One.
  2013 | D:3      | Found a basalt altar of Yredelemnul.
  2157 | D:3      | Reached XP level 7. HP: 39/48 MP: 7/7
  2322 | D:4      | Found a sand-covered staircase.
  2327 | Ossuary  | Entered an ossuary
  2398 | Ossuary  | Reached skill level 5 in Maces & Staves
  2466 | Ossuary  | Reached skill level 8 in Fighting
  2732 | D:4      | Reached XP level 8. HP: 30/55 MP: 8/8
  2733 | D:4      | Reached skill level 9 in Fighting
  2965 | D:4      | Got the +1 rapier of Biat {flame, Dex+6 SInv}
  3437 | D:4      | Noticed a moth of wrath
  3440 | D:4      | Found a bloodstained altar of Trog.
  3586 | D:5      | Entered Level 5 of the Dungeon
  3822 | D:5      | Found an ancient bone altar of Kikubaaqudgha.
  4000 | D:5      | Reached skill level 10 in Fighting
  4135 | D:5      | Found a glowing silver altar of Zin.
  4347 | D:6      | Reached XP level 9. HP: 56/62 MP: 9/9
  4356 | D:6      | Found a sparkling altar of Nemelex Xobeh.
  4384 | D:6      | Found a glowing drain.
  4408 | Sewer    | Entered a sewer
  4487 | Sewer    | Noticed Purgy
  4503 | Sewer    | Killed Purgy
  4996 | D:6      | Reached skill level 5 in Armour
  4996 | D:6      | Reached skill level 5 in Shields
  5120 | D:6      | Reached skill level 11 in Fighting
  5130 | D:6      | Reached XP level 10. HP: 61/69 MP: 10/10
  5303 | D:6      | Found a viscous altar of Jiyva.
  5725 | D:7      | Noticed Pikel
  5741 | D:7      | Killed Pikel
  5816 | D:7      | Noticed Duvessa
  5816 | D:7      | Noticed Dowan
  5825 | D:7      | Killed Duvessa
  5836 | D:7      | Killed Dowan
  5844 | D:7      | Found an iron altar of Okawaru.
  5862 | D:7      | Became a worshipper of Warmaster Okawaru
  6207 | D:7      | Found a sparkling altar of Nemelex Xobeh.
  6811 | D:7      | Found a deep blue altar of Sif Muna.
  6900 | D:8      | Reached skill level 12 in Fighting
  6912 | D:8      | Reached XP level 11. HP: 40/76 MP: 11/11
  7218 | D:8      | Noticed Menkaure
  7252 | D:8      | Killed Menkaure
  7252 | D:8      | Reached * piety under Okawaru
  7497 | D:8      | Noticed Erica
  7528 | D:8      | Killed Erica
  7870 | D:9      | Reached ** piety under Okawaru
  8256 | D:9      | Reached skill level 10 in Maces & Staves
  8496 | D:9      | Reached XP level 12. HP: 68/82 MP: 12/12
  8695 | D:9      | Reached skill level 13 in Fighting
  8931 | D:10     | Entered Level 10 of the Dungeon
  9306 | D:10     | Reached *** piety under Okawaru
  9306 | D:10     | Reached skill level 10 in Shields
  9326 | D:10     | Reached skill level 10 in Armour
  9405 | D:10     | Noticed Joseph
  9424 | D:10     | Killed Joseph
  9833 | D:10     | Noticed Psyche
  9842 | D:10     | Killed Psyche
 10009 | D:10     | Noticed a queen ant
 10050 | D:10     | Killed a queen ant
 10112 | D:10     | Reached **** piety under Okawaru
 10205 | D:10     | Reached XP level 13. HP: 89/89 MP: 13/13
 10249 | D:10     | Reached skill level 14 in Fighting
 10705 | D:11     | Got the Collected Works on Moulding
 11342 | D:11     | Found Dyschey's Antique Weapon Shoppe.
 11398 | D:11     | Reached ***** piety under Okawaru
 12110 | D:11     | Reached skill level 1 in Invocations
 12110 | D:11     | Gained mutation: Your large and strong wings let you fly indefinitely. [Gargoyle growth]
 12110 | D:11     | Reached XP level 14. HP: 96/96 MP: 13/15
 12126 | D:11     | Reached skill level 15 in Fighting
 12673 | D:12     | Received a gift from Okawaru
 12673 | D:12     | Reached skill level 5 in Invocations
 13224 | D:12     | Reached XP level 15. HP: 104/104 MP: 19/19
 13401 | D:12     | Reached skill level 16 in Fighting
 13686 | D:12     | Slain by an enormous slime creature

Skill      XL: |  1  2  3  4  5  6  7  8  9 10 11 12 13 14 15 |
---------------+----------------------------------------------+-----
Fighting       | 4 5 6 7 8 10 11 12 13 14 15 16 | 16.1
Maces & Staves | 3 4 5 6 7 8 10 11 12 13 | 13.6
Armour         | 5 7 9 10 12 13 | 13.6
Shields        | 5 7 9 10 12 | 12.0
Invocations    | 1 6 7 |  7.0

Action                   |  1- 3 |  4- 6 |  7- 9 | 10-12 | 13-15 || total
-------------------------+-------+-------+-------+-------+-------++-------
Melee: Flail             |    50 |   188 |   311 |   760 |   231 ||  1540
       Morningstar       |       |       |       |       |   385 ||   385
Throw: Stone             |     1 |       |       |       |       ||     1
       Tomahawk          |       |       |       |     1 |       ||     1
       Poisoned dart     |       |       |       |     9 |     4 ||    13
Evoke: Wand              |       |       |     1 |       |       ||     1
  Use: Scroll            |       |       |     2 |       |     1 ||     3
       Potion            |       |       |       |     3 |       ||     3
Armor: Scale mail        |    24 |   128 |   152 |   141 |       ||   445
       Plate armour      |       |       |       |   226 |   278 ||   504
Dodge: Dodged            |    11 |    76 |    91 |   175 |   177 ||   530
Block: Shield            |    16 |    99 |   158 |   486 |   458 ||  1217
